 Dungeon Crawl Stone Soup version 0.30-a0-857-gcaf70739d4 (webtiles) character file.

Game seed: 8509717302055154416

5090 ragingrage the Martial Artist (level 10, 0/73 HPs)
             Began as a Demonspawn Delver on Mar 6, 2023.
             Was a Follower of Fedhas.
             Slain by a vampire (2 damage)
             ... on level 7 of the Dungeon.
             The game lasted 00:11:25 (8062 turns).

ragingrage the Martial Artist (Demonspawn Delver)   Turns: 8062, Time: 00:11:26

Health: 0/73       AC:  8    Str: 16    XL:     10   Next: 32%
Magic:  10/10      EV: 12    Int: 11    God:    Fedhas [*.....]
Gold:   250        SH:  7    Dex: 16    Spells: 9/9 levels left

rFire   . . .      SeeInvis .      - Unarmed
rCold   . . .      Faith    .    F - +2 buckler
rNeg    . . .      Spirit   .    k - +3 leather armour
rPois   .          Reflect  .    (helmet restricted)
rElec   .          Rampage  .    u - +0 cloak
rCorr   .                        n - +0 pair of gloves
Will    .....                    (no boots)
Stlth   +++                      (no amulet)
HPRegen 0.32/turn                (no ring)
MPRegen 0.24/turn                (no ring)

@: about to teleport
A: antennae 2, claws 2, spiny 2, magic regeneration
a: Renounce Religion


You were on level 7 of the Dungeon.
You worshipped Fedhas.
Fedhas was aware of your devotion.
You visited 1 branch of the dungeon, and saw 8 of its levels.

You collected 320 gold pieces.
You spent 70 gold pieces at shops.

Inventory:

Hand Weapons
 b - the +6 sling of Infinity {heavy, rC+ Str+3 Dex+3}
   (You found it on level 3 of the Dungeon)

   Str:       It affects your strength (+3).
   Dex:       It affects your dexterity (+3).
   rC:        It protects you from cold.
 c - the +11 halberd of the Nexus {heavy, rN+ Str+2 Int-3}
   (You found it on level 4 of the Dungeon)

   Str:       It affects your strength (+2).
   Int:       It affects your intelligence (-3).
   rN:        It protects you from negative energy.
 E - a +1 war axe of flaming
Missiles
 o - 12 poisoned darts (quivered)
 G - a curare-tipped dart
Armour
 k - a +3 leather armour (worn)
 n - a +0 pair of gloves (worn)
 u - a +0 cloak (worn)
 F - a +2 buckler (worn)
Jewellery
 v - a ring of flight
 C - a ring of protection from cold
Wands
 g - a wand of digging (3)
 r - a wand of paralysis (42)
 y - a wand of acid (4)
 A - a wand of roots (9)
Scrolls
 a - a scroll of fog
 d - a scroll of magic mapping
 e - a scroll of immolation {unknown}
 h - a scroll of noise {unknown}
 l - 4 scrolls of teleportation
 s - a scroll of silence {unknown}
 t - a scroll of poison {unknown}
 w - a scroll of amnesia {unknown}
 B - a scroll of enchant weapon {unknown}
 H - a scroll of identify
Potions
 f - 2 potions of haste
 i - 2 potions of flight
 m - a potion of lignification {unknown}
 q - 2 potions of invisibility
 x - a potion of mutation {unknown}
 z - a potion of cancellation {unknown}
 D - a potion of berserk rage {unknown}


   Skills:
 + Level 4.8 Fighting
 - Level 4.0 Long Blades
 + Level 3.1 Armour
 + Level 3.8 Dodging
 - Level 5.0 Stealth
 + Level 3.0 Shields
 - Level 11.0 Unarmed Combat
 + Level 3.4 Evocations


You had 9 spell levels left.
You didn't know any spells.
Your spell library contained the following spells:

 Spells                   Type           Power      Damage    Failure   Level
 Slow                     Hex            0%         N/A       50%         1
 Confusing Touch          Hex            0%         N/A       86%         3
 Gell's Gravitas          Tloc           0%         N/A       86%         3
 Ozocubu's Armour         Ice            0%         N/A       86%         3
 Summon Guardian Golem    Hex/Summ       0%         N/A       86%         3
 Teleport Other           Tloc           0%         N/A       86%         3
 Vampiric Draining        Necr           0%         2d6       86%         3
 Dispersal                Tloc           0%         N/A       100%        6
 Orb of Destruction       Conj           0%         9d5       100%        7
 Ozocubu's Refrigeration  Ice            0%         4d7       100%        7
 Spellforged Servitor     Conj/Summ      0%         N/A       100%        7


Dungeon Overview and Level Annotations

Branches:
Dungeon (8/15)             Temple (0/1) D:7
   Lair: D:8-11

Altars:
Ashenzari
Fedhas
Makhleb
Qazlal
Ru
Sif Muna
Xom

Shops:
D:2 :(   D:3 *   D:8 [

Annotations:
D:3 Sigmund
D:7 3 runed translucent doors, exclusion: gargoyle


Innate Abilities, Weirdness & Mutations

You have a pair of antennae on your head.
You have very sharp fingernails.
You are mostly covered in sharp spines.
You regenerate magic rapidly.


Message History

You hear some strange, mumbled words.
You are confused.
Unknown command.
You feel better.
The black bear growls angrily.
Something hits you! Something bites you!
Something draws strength from your injuries!
You hit something. Something hits you. Something completely misses you.
You hit something. You closely miss something. Something barely misses you.
Something bites you!
Something draws strength from your injuries!
Attack: -) Nothing wielded
Okay, then.
Okay, then.
Okay, then.
You punch something! Something barely misses you. Something bites you.
Something draws strength from your injuries!
You barely miss something. Something hits you! Something bites you!
* * * LOW HITPOINT WARNING * * *
Something draws strength from your injuries!
As you read the scroll of teleportation, it crumbles to dust.
You feel strangely unstable.
The black bear is struck by your spines.
The black bear closely misses you.
The black bear claws you but does no damage. x2
Something hits you.
* * * LOW HITPOINT WARNING * * *
Something bites you!
* * * LOW HITPOINT WARNING * * *
Something draws strength from your injuries!
You feel better.
The black bear is struck by your spines.
The black bear barely misses you. x2; The black bear closely misses you.
Something hits you but does no damage. Something bites you!
* * * LOW HITPOINT WARNING * * *
Something draws strength from your injuries!
Unknown command.
Something hits you.
You die...
Fedhas appreciates your contribution to the ecosystem.

#≈#≈^^.§##§§§.#
#≈#..^..##.§#.##
#.≈##...#.^....##
#^...≈.≈..≈§....##
......_..........#
..^≈^(.≈≈.≈......#######
.^^#^^..#≈#≈...........#
.≈.#^≈.≈..#.......#....#
.(^##≈§§##^≈.#..@{..#.[#
...(^≈.^..§#..#.#h..# ..
#..>.....>##..#.....#
.........[..#.#..###.#
..................###.# {
..####.##..........####.#
....#...###............⌠.
...## ..#.#.
.##...##....####.# ...#
#.#.# #.........###.#.#9
...#


You could see a black bear.

Vanquished Creatures
  A two-headed ogre (D:8)
  A boulder beetle (D:8)
  5 yaks (D:8)
  A vampire mosquito (D:7)
  3 water moccasins
  3 sky beasts
  3 ice beasts
  4 orc warriors
  A centaur (D:6)
  A phantom (D:5)
  A kobold brigand (D:8)
  3 bullfrogs
  4 scorpions
  3 gnoll sergeants
  4 wights (D:6)
  3 howler monkeys
  A crimson imp (D:4)
  4 orc priests
  A hound (D:7)
  A jelly (D:6)
  Ijyb (D:3)
  A gnoll bouda (D:5)
  3 iguanas
  3 orc wizards
  16 gnolls
  8 adders
  An ufetubus (D:7)
  3 dart slugs
  19 orcs
  4 bats
  9 endoplasms
  3 giant cockroaches
  5 goblins
  4 hobgoblins
  4 jackals
  2 quokkas
  9 ball pythons
  2 frilled lizards (D:3)
  11 kobolds
  2 rats
158 creatures vanquished.

Notes
Turn   | Place    | Note
-------+----------+-------------------------------------------
     0 | D:5      | ragingrage the Demonspawn Delver began the quest for the
                  | Orb.
     0 | D:5      | Reached XP level 1. HP: 18/18 MP: 1/1
    34 | D:5      | Noticed an ice beast
   114 | D:4      | Found a sacrificial altar of Ru.
   139 | D:3      | Noticed Sigmund
   197 | D:2      | Found Quogup's Antique Weapon Shoppe.
   532 | D:1      | Gained mutation: You regenerate magic rapidly. [demonic
                  | ancestry]
   532 | D:1      | Reached XP level 2. HP: 22/24 MP: 2/2
  1244 | D:2      | Found Feff's Book Shop.
  1352 | D:2      | Reached XP level 3. HP: 29/29 MP: 3/3
  1372 | D:4      | Became a worshipper of Ru the Awakened
  1411 | D:3      | Found Tuyshenn's General Store.
  1457 | D:3      | Identified the +6 sling of Infinity {heavy, rC+ Str+3
                  | Dex+3}
  1498 | D:3      | Noticed Ijyb
  1512 | D:3      | Paralysed by Ijyb for 4 turns
  1557 | D:2      | Discovered your monstrous ancestry.
  1557 | D:2      | Gained mutation: You have sharp fingernails. [demonic
                  | ancestry]
  1557 | D:2      | Reached XP level 4. HP: 25/35 MP: 4/4
  2471 | D:3      | Paralysed by Ijyb for 2 turns
  2482 | D:3      | Paralysed by Ijyb for 2 turns
  2484 | D:3      | Killed Ijyb
  2485 | D:3      | Reached skill level 1 in Unarmed Combat
  2640 | D:3      | Bought a potion of heal wounds for 70 gold pieces
  2680 | D:3      | Reached skill level 2 in Unarmed Combat
  2786 | D:3      | Reached XP level 5. HP: 41/41 MP: 5/5
  3513 | D:5      | Noticed a phantom
  3513 | D:5      | Noticed an ice beast
  3533 | D:5      | Killed a phantom
  3534 | D:5      | Reached skill level 3 in Unarmed Combat
  3600 | D:5      | Killed an ice beast
  3601 | D:5      | Reached skill level 4 in Unarmed Combat
  3601 | D:5      | Gained mutation: You are partially covered in sharp spines.
                  | [demonic ancestry]
  3601 | D:5      | Reached XP level 6. HP: 47/47 MP: 6/6
  3708 | D:5      | Noticed an orc warrior
  3828 | D:5      | Reached skill level 5 in Unarmed Combat
  3961 | D:5      | Gained mutation: You have very sharp fingernails. [demonic
                  | ancestry]
  3961 | D:5      | Reached XP level 7. HP: 52/52 MP: 7/7
  4409 | D:4      | Reached skill level 6 in Unarmed Combat
  4575 | D:4      | Identified the +11 halberd of the Nexus {heavy, rN+ Str+2
                  | Int-3}
  4785 | D:4      | Found a shimmering altar of Xom.
  4793 | D:4      | Found a burning altar of Makhleb.
  4922 | D:4      | Reached skill level 7 in Unarmed Combat
  5115 | D:5      | Gained mutation: You have a pair of small antennae on your
                  | head. [demonic ancestry]
  5115 | D:5      | Reached XP level 8. HP: 58/58 MP: 8/8
  5237 | D:6      | Reached skill level 8 in Unarmed Combat
  5399 | D:7      | Found a broken altar of Ashenzari.
  5401 | D:7      | Found a shimmering blue altar of Sif Muna.
  5405 | D:7      | Found a blossoming altar of Fedhas.
  5407 | D:7      | Noticed a boulder beetle
  5572 | D:6      | Reached skill level 9 in Unarmed Combat
  5871 | D:6      | Reached skill level 10 in Unarmed Combat
  5875 | D:6      | Gained mutation: You have a pair of antennae on your head.
                  | [demonic ancestry]
  5875 | D:6      | Reached XP level 9. HP: 30/63 MP: 9/9
  6275 | D:7      | Fell from the grace of Ru
  6275 | D:7      | Became a worshipper of Fedhas Madash
  6463 | D:7      | Found a staircase to the Ecumenical Temple.
  6521 | D:7      | Noticed a gargoyle
  6572 | D:7      | Found a stormy altar of Qazlal.
  6617 | D:8      | Reached skill level 11 in Unarmed Combat
  6886 | D:8      | Reached skill level 1 in Armour
  6886 | D:8      | Reached skill level 1 in Evocations
  6903 | D:8      | Reached skill level 5 in Stealth
  6903 | D:8      | Reached skill level 1 in Shields
  6919 | D:8      | Noticed a boulder beetle
  6921 | D:8      | Reached * piety under Fedhas
  7487 | D:8      | Gained mutation: You are mostly covered in sharp spines.
                  | [demonic ancestry]
  7487 | D:8      | Reached XP level 10. HP: 68/72 MP: 10/10
  7505 | D:8      | Noticed a two-headed ogre
  7519 | D:8      | Killed a two-headed ogre
  7703 | D:8      | Found Tobul's Antique Armour Shop.
  7863 | D:8      | Killed a boulder beetle
  7969 | D:7      | Found a runed translucent gate.
  7970 | D:7      | Found a runed translucent gate.
  7971 | D:7      | Found a runed translucent gate.
  8061 | D:7      | HP: 2/73 [something (9)]
  8062 | D:7      | Slain by a vampire

Illustrated notes

Levels and vault maps discovered:
D:1:      eino_arrival_cavern_a, layout_basic
D:2:      layout_basic, serial_shops, shop, nicolae_shop_behind_doors,
          nicolae_figureground_sparkle
D:3:      layout_basic, serial_shops, shop, st_stairs_1,
          nicolae_figureground_pulse, uniq_ijyb, uniq_sigmund
D:4:      layout_gridville, grunt_temple_overflow_champion_of_chaos,
          tso_oasis_becter, old_standard_altar, minmay_misc_feat_roman,
          st_stairs_8
D:5:      layout_loops_ring
D:6:      layout_basic
D:7:      layout_cave_pools, grunt_qazlal_sundering, grunt_temple_overflow_open,
          elyvilon_altar_1, minmay_temple_entry_ruins, gammafunk_ghost_icy,
          kb_rosetta, uniq_crazy_yiuf_cottage
D:8:      layout_rooms, serial_shops, nicolae_shop_behind_doors,
          patterned_corridor

Skill      XL: |  1  2  3  4  5  6  7  8  9 10 |
---------------+-------------------------------+-----
Long Blades    | 2 3 4 |  4.0
Unarmed Combat | 2 4 5 7 10 11 | 11.0
Dodging        | 3 |  3.8
Armour         | 2 3 |  3.1
Evocations     | 2 3 |  3.4
Stealth        | 5 |  5.0
Shields        | 2 3 |  3.0
Fighting       | 4 |  4.8

Action                     |  1- 3 |  4- 6 |  7- 9 | 10-12 || total
---------------------------+-------+-------+-------+-------++-------
  Melee: Falchion          |   107 |    53 |       |       ||   160
         Punch             |       |     1 |     3 |       ||     4
         Halberd           |       |       |    31 |       ||    31
         Unarmed           |       |       |   136 |    29 ||   165
   Fire: Sling             |     5 |    81 |    49 |       ||   135
  Throw: Dart              |       |       |     2 |     6 ||     8
 Invoke: Reject Sacrifices |       |     1 |       |       ||     1
  Evoke: Wand              |       |       |     1 |       ||     1
    Use: Scroll            |     1 |     2 |     4 |     2 ||     9
         Potion            |       |       |     2 |     4 ||     6
   Stab: Sleeping          |     5 |       |     2 |       ||     7
 Armour: Leather armour    |    34 |    49 |    37 |    10 ||   130
  Dodge: Dodged            |    58 |    66 |    95 |    16 ||   235
  Block: Buckler           |       |       |    10 |     7 ||    17

Table legend: (Time is in decaauts)
 A = Elapsed time spent in this place.
 B = Non-inter-level travel time spent in this place.
 C = Inter-level travel time spent in this place.
 D = Time resting spent in this place.
 E = Time spent auto-exploring this place.
 F = Levels seen in this place.
 G = Mean time per level.
                   A        B        C        D        E       F      G
               +--------+--------+--------+--------+--------+-----+--------+
         Total |   8244 |   7736 |    508 |   1785 |   4142 |   8 | 1030.5 |
       Dungeon |   8244 |   7736 |    508 |   1785 |   4142 |   8 | 1030.5 |
               +--------+--------+--------+--------+--------+-----+--------+

Top non-repeatable levels by time:
     D:5: 1409 daAuts
     D:8: 1319 daAuts
     D:2: 1250 daAuts
     D:3: 1028 daAuts
     D:4: 951 daAuts
     D:1: 912 daAuts
     D:6: 814 daAuts
     D:7: 558 daAuts
